 Dungeon Crawl Stone Soup version 0.30-a0-824-g6c64550be9 (webtiles) character file.

Game seed: 6821845877006065164

607 cforsyth the Sneak (level 7, -1/44 HPs)
             Began as a Kobold Brigand on Feb 28, 2023.
             Slain by an iguana (9 damage)
             ... on level 5 of the Dungeon.
             The game lasted 00:05:16 (4307 turns).

cforsyth the Sneak (Kobold Brigand)                 Turns: 4307, Time: 00:05:17

Health: -1/44      AC:  3    Str:  9    XL:     7   Next: 71%
Magic:  7/7        EV: 17    Int: 12    God:
Gold:   223        SH:  0    Dex: 18    Spells: 6/6 levels left

rFire   . . .      SeeInvis .    g - +2 dagger (venom)
rCold   . . .      Faith    .    (no shield)
rNeg    . . .      Spirit   .    b - +0 robe
rPois   .          Reflect  .    (no helmet)
rElec   .          Harm     .    c - +0 cloak
rCorr   .          Rampage  .    (no gloves)
Will    .....                    (no boots)
Stlth   +++++                    (no amulet)
HPRegen 0.27/turn                (no ring)
MPRegen 0.10/turn                (no ring)

@: no status effects
A: small, no large weapons, nightstalker 3
a: no special abilities


You were on level 5 of the Dungeon.
You visited 1 branch of the dungeon, and saw 5 of its levels.

You collected 223 gold pieces.

Inventory:

Hand Weapons
 a - a +2 dagger
 g - a +2 dagger of venom (weapon)
 t - a +2 dagger of protection
Missiles
 d - 15 poisoned darts (quivered)
 e - 3 curare-tipped darts
Armour
 b - a +0 robe (worn)
 c - a +0 cloak (worn)
Jewellery
 y - a ring of ice
Wands
 u - a wand of flame (46)
 x - a wand of iceblast (8)
Scrolls
 i - 6 scrolls of identify {unknown}
 k - a scroll of fear {unknown}
 l - a scroll of enchant weapon {unknown}
 m - a scroll of vulnerability {unknown}
 n - 5 scrolls of magic mapping {unknown}
 o - a scroll of immolation {unknown}
 r - 3 scrolls of teleportation {unknown}
 s - a scroll of fog {unknown}
 A - a scroll of torment {unknown}
 B - a scroll of poison {unknown}
Potions
 f - a potion of haste {unknown}
 h - a potion of berserk rage {unknown}
 j - a potion of might {unknown}
 p - a potion of brilliance
 v - a potion of magic {unknown}
 w - a potion of heal wounds {unknown}
 z - a potion of flight {unknown}


   Skills:
 + Level 4.7 Fighting
 + Level 5.6 Short Blades
 - Level 2.1 Throwing
 + Level 4.6 Dodging
 + Level 7.7 Stealth


You had 6 spell levels left.
You didn't know any spells.
Your spell library contained the following spells:

 Spells                   Type           Power      Damage    Failure   Level
 Kiss of Death            Conj/Necr      0%         2d5       32%         1
 Confusing Touch          Hex            0%         N/A       69%         3
 Vampiric Draining        Necr           0%         2d6       69%         3
 Dispel Undead            Necr           0%         3d6       97%         4
 Irradiate                Conj/Tmut      0%         3d11      100%        5
 Statue Form              Tmut/Erth      0%         N/A       100%        6


Dungeon Overview and Level Annotations

Branches:
Dungeon (5/15)
 Temple: D:4-7

Altars:
Gozag

Shops:
D:1 :

Annotations:
D:5 3 runed translucent doors


Innate Abilities, Weirdness & Mutations

You are small and have problems with some larger weapons.
You are completely attuned to the shadows.


Message History

You closely miss the iguana.
The iguana is moderately wounded.
The iguana attacks as you move away! The iguana completely misses you.
The iguana attacks as you move away! The iguana misses you.
The iguana attacks as you move away! The iguana barely misses you.
You hit the iguana but do no damage.
The iguana looks even sicker.
The iguana is severely wounded.
The iguana bites you!
* * * LOW HITPOINT WARNING * * *
You barely miss the iguana.
The iguana is severely wounded.
You hit the iguana.
The iguana looks as sick as possible!
The iguana is almost dead.
The iguana bites you!
* * * LOW HITPOINT WARNING * * *
You feel better.
You kill the iguana!
You hit the iguana.
The iguana is lightly wounded.
The iguana misses you.
Unknown command.
You hit the iguana but do no damage.
The iguana is poisoned.
The iguana is lightly wounded.
The iguana bites you.
* * * LOW HITPOINT WARNING * * *
You hit the iguana but do no damage.
The iguana looks as sick as possible!
Your punch misses the iguana.
The iguana is lightly wounded.
You hit the iguana but do no damage.
The iguana looks as sick as possible!
The iguana is moderately wounded.
The iguana barely misses you.
You barely miss the iguana.
The iguana is moderately wounded.
The iguana misses you.
You hit the iguana but do no damage.
The iguana looks as sick as possible!
The iguana is moderately wounded.
You hit the iguana but do no damage.
The iguana looks as sick as possible!
The iguana is moderately wounded.
The iguana bites you!
You die...

...)......#######################
....).....# ..............#
....).....# #....#...##..#
..........# #....#...###.#
#5######### ######....##..###.#
#.........# #/...)...###......#
#.........# #....#...# ##.....#
#.........#.# #....#...# ###...#
###########.# #.@.##..## ####.#
........#.###l####..# ####....#
........#......l...####.......#
..................## ..........
........#.......### .........#
........#....#### #..####.###.#
######'#..#.#### ##..##...# #.#
..#....#..#...### #...#....# #.#
..#....#..#.....## #...#....# #.#


You could see an iguana (extremely poisoned).

Vanquished Creatures
  A water moccasin (D:5)
  A phantom (D:3)
  4 hounds (D:5)
  A jelly (D:3)
  2 orc priests (D:5)
  An iguana (D:5)
  An orc wizard (D:3)
  5 adders
  A white imp (D:5)
  An ufetubus (D:5)
  A worm (D:2)
  2 dart slugs
  18 orcs
  4 bats
  5 endoplasms
  2 giant cockroaches
  8 goblins
  8 hobgoblins
  3 jackals (D:4)
  7 kobolds
  2 quokkas
  8 ball pythons
  4 frilled lizards (D:1)
  8 rats
98 creatures vanquished.

Notes
Turn   | Place    | Note
-------+----------+-------------------------------------------
     0 | D:1      | cforsyth the Kobold Brigand began the quest for the Orb.
     0 | D:1      | Reached XP level 1. HP: 12/12 MP: 1/1
   143 | D:1      | Reached XP level 2. HP: 16/18 MP: 2/2
   296 | D:1      | Reached XP level 3. HP: 13/22 MP: 3/3
   651 | D:1      | Found Tuebim's Book Shop.
  1015 | D:2      | Reached XP level 4. HP: 27/27 MP: 4/4
  1121 | D:2      | Reached skill level 6 in Stealth
  1548 | D:2      | Got Cigotuvi's Compilation of Maleficent Ceremonies and
                  | Evolution
  2151 | D:3      | Reached XP level 5. HP: 32/32 MP: 5/5
  2423 | D:3      | Noticed a phantom
  2442 | D:3      | Killed a phantom
  2443 | D:3      | Reached XP level 6. HP: 27/38 MP: 6/6
  3523 | D:5      | Entered Level 5 of the Dungeon
  3598 | D:5      | Found a runed translucent gate.
  3599 | D:5      | Found a runed translucent gate.
  3599 | D:5      | Found an opulent altar of Gozag.
  3600 | D:5      | Found a runed translucent gate.
  3645 | D:5      | Reached skill level 7 in Stealth
  3942 | D:5      | Reached skill level 5 in Short Blades
  3942 | D:5      | Reached XP level 7. HP: 34/43 MP: 7/7
  4267 | D:5      | Noticed a water moccasin
  4285 | D:5      | Killed a water moccasin
  4299 | D:5      | HP: 1/44 [iguana (8)]
  4307 | D:5      | Slain by an iguana

Illustrated notes

Levels and vault maps discovered:
D:1:      eino_arrival_cavern_a, layout_basic, serial_shops,
          nicolae_shop_statue_plus
D:2:      layout_basic
D:3:      layout_basic
D:4:      layout_basic
D:5:      minmay_recursive_quarters, layout_gridville, ebering_ghost_gozag

Skill      XL: |  1  2  3  4  5  6 |
---------------+-------------------+-----
Short Blades   | 3 4 5 |  5.6
Dodging        | 2 3 4 |  4.6
Stealth        | 6 7 |  7.7
Fighting       | 3 4 |  4.7
Throwing       | |  2.1

Action                     |  1- 3 |  4- 6 |  7- 9 || total
---------------------------+-------+-------+-------++-------
  Melee: Dagger            |    82 |   143 |    47 ||   272
         Punch             |       |     3 |       ||     3
    Use: Potion            |       |     3 |     2 ||     5
   Stab: Sleeping          |    15 |    18 |     7 ||    40
         Distracted        |       |     1 |       ||     1
 Armour: Robe              |    11 |    22 |     6 ||    39
  Dodge: Dodged            |    37 |    94 |    31 ||   162

Table legend: (Time is in decaauts)
 A = Elapsed time spent in this place.
 B = Non-inter-level travel time spent in this place.
 C = Inter-level travel time spent in this place.
 D = Time resting spent in this place.
 E = Time spent auto-exploring this place.
 F = Levels seen in this place.
 G = Mean time per level.
                   A        B        C        D        E       F      G
               +--------+--------+--------+--------+--------+-----+--------+
         Total |   4253 |   4162 |     91 |     99 |   3424 |   5 |  850.6 |
       Dungeon |   4253 |   4162 |     91 |     99 |   3424 |   5 |  850.6 |
               +--------+--------+--------+--------+--------+-----+--------+

Top non-repeatable levels by time:
     D:3: 977 daAuts
     D:2: 977 daAuts
     D:1: 851 daAuts
     D:5: 762 daAuts
     D:4: 684 daAuts
